 Dungeon Crawl Stone Soup version 0.29.0-4-gdea44cf6ec (webtiles) character file.

Game seed: 624130719142828048

560 qw the Shield-Bearer (level 7, 0/57 HPs)
             Began as a Minotaur Fighter on Sept 4, 2022.
             Was a Follower of Ru.
             Slain by a kobold brigand
             ... wielding a +2 dagger of speed
              (3 damage)
             ... on level 3 of the Dungeon.
             The game lasted 00:01:49 (3494 turns).

qw the Shield-Bearer (Minotaur Fighter)             Turns: 3494, Time: 00:01:49

Health: 0/57       AC: 13    Str: 23    XL:     7   Next: 9%
Magic:  6/6        EV:  3    Int:  5    God:    Ru [*.....]
Gold:   136        SH: 13    Dex:  9    Spells: 6/6 levels left

rFire   . . .      SeeInvis .   Y - +1 war axe
rCold   . . .      Faith    .   e - +0 tower shield
rNeg    . . .      Spirit   .   k - +0 plate armour
rPois   .          Reflect  .   (helmet restricted)
rElec   .          Harm     .   c - +0 cloak
rCorr   .          Rampage  .   g - +0 pair of gloves
Will    .....                   (no boots)
Stlth   ..........              (no amulet)
HPRegen 0.19/turn               (no ring)
MPRegen 0.10/turn               (no ring)

@: no status effects
A: horns 2, unskilled 1, retaliatory headbutt
a: Renounce Religion


You were on level 3 of the Dungeon.
You worshipped Ru.
Ru was aware of your devotion.
You visited 1 branch of the dungeon, and saw 3 of its levels.

You collected 156 gold pieces.
You spent 20 gold pieces at shops.


Innate Abilities, Weirdness & Mutations

You have a pair of horns on your head.
You are somewhat unskilled. (-1 Apt)
You reflexively headbutt those who attack you in melee.


   Skills:
 - Level 3.2 Fighting
 + Level 5.7 Axes
 - Level 3.2 Armour
 - Level 7.1 Shields


You had 6 spell levels left.
You didn't know any spells.
Your spell library was empty.

Inventory:

Hand Weapons
 h - a +0 flail
 Y - a +1 war axe (weapon)
Missiles
 f - 2 boomerangs (quivered)
Armour
 c - a +0 cloak (worn)
 e - a +0 tower shield (worn)
 g - a +0 pair of gloves (worn)
 k - a +0 plate armour (worn)
Scrolls
 a - a scroll of identify
Potions
 b - 2 potions of mutation
 d - a potion of might
 l - a potion of resistance {unknown}

Dungeon Overview and Level Annotations

Branches:
Dungeon (3/15)

Altars:
Fedhas
Ru

Shops:
D:1 (   D:3 *


Message History

You block the kobold brigand's attack.
You hit the kobold brigand but do no damage.
Your headbutt misses the kobold brigand.
The kobold brigand is heavily wounded.
The kobold brigand hits you but does no damage.
The kobold brigand hits you with a +2 dagger of speed.
You barely miss the kobold brigand.
The kobold brigand is heavily wounded.
You block the kobold brigand's attack.
You redirect the kobold brigand's attack!
The kobold brigand hits itself with a +2 dagger of speed.
The kobold brigand hits you but does no damage.
You barely miss the kobold brigand.
The kobold brigand is heavily wounded.
The kobold brigand hits you with a +2 dagger of speed. x2
You block the gnoll's attack.
The kobold brigand hits you with a +2 dagger of speed.
You hit the kobold brigand but do no damage.
You headbutt the kobold brigand, but do no damage.
The kobold brigand is heavily wounded.
You slash the gnoll! You block the kobold brigand's attack.
You block the gnoll's attack.
The kobold brigand hits you but does no damage.
You slash the gnoll!
You kill the gnoll!
You closely miss the kobold brigand. The kobold brigand barely misses you.
You furiously retaliate!
You headbutt the kobold brigand.
The kobold brigand hits you with a +2 dagger of speed.
You barely miss the kobold brigand.
The kobold brigand is severely wounded.
The sentinel's mark upon you fades away.
You block the kobold brigand's attack.
The kobold brigand hits you with a +2 dagger of speed.
You hit the kobold brigand.
Your headbutt misses the kobold brigand.
The kobold brigand is severely wounded.
The kobold brigand hits you but does no damage.
The kobold brigand hits you with a +2 dagger of speed.
You die...

~~~~~~~~~~~~~~~~~~~~~~~~~~~~~....
~~~~~~~~~~~~~~~~~~~~~~#####~~....
......................#gg.#~~..).
#######################...#~~....
...#'###~~.... #################
.....#.~~~.... ....#8..8#......#
...# #.~~~....
....'....'..8#).##)'##.#.~~~....
g...'....'..8#K@)).....#.~~~....
...#....#....)).).....#.~~~..P.
#.)..#########''##.#.~~~....
#..).# ...# #.~~~.... #....#
.....#.~~~.... #...)#
...#'###~~....
######''')#############...#~~P...
........)...).))......#...#~~....
~~~~~~....~~)~~~~~~~~~#####~~....


You could see a kobold brigand.

Vanquished Creatures
  2 howler monkeys (D:3)
  A gnoll bouda (D:3)
  A hound (D:3)
  Crazy Yiuf (D:2)
  An orc priest (D:3)
  An orc wizard (D:3)
  3 adders (D:2)
  18 gnolls
  2 worms
  3 dart slugs
  16 orcs (D:3)
  10 ball pythons
  9 bats
  10 endoplasms
  2 giant cockroaches (D:1)
  5 goblins
  3 hobgoblins
  14 jackals (D:3)
  5 quokkas
  4 frilled lizards
  2 kobolds
  6 rats
119 creatures vanquished.

Vanquished Creatures (others)
  A plant (D:3)
1 creature vanquished.

Grand Total: 120 creatures vanquished

Notes
Turn   | Place    | Note
-------+----------+-------------------------------------------
     0 | D:1      | qw the Minotaur Fighter began the quest for the Orb.
     0 | D:1      | Reached XP level 1. HP: 19/19 MP: 0/0
     0 | D:1      | 0 ||| qw: Version: 0.1-a-103-gd6f5d3a
     0 | D:1      | 0 ||| qw: Game counter: 5775
     0 | D:1      | 0 ||| qw: Always use a shield: true
     0 | D:1      | 0 ||| qw: God list: Ru
     0 | D:1      | 0 ||| qw: Allow faded altars: false
     0 | D:1      | 0 ||| qw: Do Orc after D:15 true
     0 | D:1      | 0 ||| qw: Do second Lair branch before Depths: true
     0 | D:1      | 0 ||| qw: Lair rune preference: random
     0 | D:1      | 0 ||| qw: Plans: Normal
     0 | D:1      | 0 ||| PLANNING D:1-11
   124 | D:1      | Found a faded altar of an unknown god.
   128 | D:1      | 128 ||| Stepping ~*~*~tactically~*~*~ (stealth).
   131 | D:1      | 131 ||| Stepping ~*~*~tactically~*~*~ (stealth).
   135 | D:1      | Reached skill level 3 in Axes
   170 | D:1      | Found Diopp's Antique Weapon Shoppe.
   178 | D:1      | 178 ||| SHOPLISTING glowing whip (159 gold, have 16).
   228 | D:1      | Reached XP level 2. HP: 26/26 MP: 1/1
   724 | D:1      | 724 ||| UPGRADING to +0 pair of gloves.
   729 | D:1      | 729 ||| UPGRADING to +0 plate armour.
   739 | D:1      | 739 ||| DROPPING +0 scale mail.
   740 | D:1      | 740 ||| READING 3 scrolls labelled HEISHEXIVO.
   741 | D:1      | 741 ||| READING scroll labelled CEAMMEBEOJUY.
   742 | D:1      | 742 ||| READING 2 scrolls of identify.
   742 | D:1      | 742 ||| IDENTIFYING fizzy silvery potion
   743 | D:1      | 743 ||| DROPPING potion of magic.
   780 | D:2      | Found a sacrificial altar of Ru.
   785 | D:2      | Became a worshipper of Ru the Awakened
   797 | D:2      | Reached XP level 3. HP: 31/31 MP: 2/2
   901 | D:2      | 901 ||| Stepping ~*~*~tactically~*~*~ (hiding).
  1125 | D:2      | Reached XP level 4. HP: 36/39 MP: 3/3
  1273 | D:2      | 1273 ||| DROPPING +0 club.
  1580 | D:2      | Found a runed translucent door.
  1581 | D:2      | Noticed Crazy Yiuf
  1584 | D:2      | 1584 ||| UPGRADING to +0 tower shield.
  1594 | D:2      | 1594 ||| DROPPING +0 buckler.
  1595 | D:2      | 1595 ||| READING scroll labelled BUEDEP HIOC.
  1627 | D:2      | 1627 ||| READING scroll labelled ALOZIZ WUSY.
  1628 | D:2      | 1628 ||| READING scroll labelled URRILEKUTIH.
  1629 | D:2      | 1629 ||| READING scroll labelled GASMANGU LEISI.
  1630 | D:2      | 1630 ||| READING scroll labelled PUQEPS OCHONATH.
  1631 | D:2      | 1631 ||| READING 2 scrolls of identify.
  1631 | D:2      | 1631 ||| IDENTIFYING bubbling pink potion
  1632 | D:2      | 1632 ||| Stepping randomly (stuck).
  1634 | D:2      | 1634 ||| Stepping randomly (stuck).
  1636 | D:2      | Killed Crazy Yiuf
  1637 | D:2      | Reached skill level 4 in Shields
  1647 | D:2      | 1647 ||| UPGRADING to +0 cloak.
  1701 | D:3      | Found Xatub's General Store.
  1709 | D:3      | 1709 ||| SHOPLISTING +4 ring of protection (360 gold, have
                  | 67).
  1709 | D:3      | 1709 ||| SHOPLISTING ring of fire (250 gold, have 67).
  1709 | D:3      | 1709 ||| BUYING scroll of identify (20 gold).
  1709 | D:3      | Bought a scroll of identify for 20 gold pieces
  1874 | D:3      | 1874 ||| Stepping ~*~*~tactically~*~*~ (stealth).
  1877 | D:3      | Reached XP level 5. HP: 43/45 MP: 4/4
  1901 | D:3      | 1901 ||| DROPPING +0 whip.
  2042 | D:3      | 2042 ||| Stepping ~*~*~tactically~*~*~ (water).
  2047 | D:3      | Reached skill level 5 in Shields
  2055 | D:3      | 2055 ||| INVOKING Sacrifice Skill.
  2055 | D:3      | Gained mutation: You are somewhat unskilled. (-1 Apt) [Ru
                  | sacrifice]
  2055 | D:3      | Reduced skill Shields to level 4
  2055 | D:3      | Reached * piety under Ru
  2092 | D:3      | Reached skill level 5 in Shields
  2316 | D:3      | Reached XP level 6. HP: 51/51 MP: 5/5
  2375 | D:3      | 2375 ||| Stepping ~*~*~tactically~*~*~ (stealth).
  2383 | D:3      | 2383 ||| Stepping ~*~*~tactically~*~*~ (stealth).
  2404 | D:3      | 2404 ||| FLEEEEING.
  2405 | D:3      | 2405 ||| FLEEEEING.
  2406 | D:3      | 2406 ||| FLEEEEING.
  2407 | D:3      | 2407 ||| FLEEEEING.
  2408 | D:3      | 2408 ||| FLEEEEING.
  2409 | D:3      | 2409 ||| FLEEEEING.
  2410 | D:3      | 2410 ||| FLEEEEING.
  2411 | D:3      | 2411 ||| FLEEEEING.
  2412 | D:3      | 2412 ||| FLEEEEING.
  2413 | D:3      | 2413 ||| FLEEEEING.
  2414 | D:3      | 2414 ||| FLEEEEING.
  2415 | D:3      | 2415 ||| FLEEEEING.
  2416 | D:3      | 2416 ||| FLEEEEING.
  2417 | D:3      | 2417 ||| FLEEEEING.
  2420 | D:3      | 2420 ||| FLEEEEING.
  2421 | D:3      | 2421 ||| FLEEEEING.
  2422 | D:3      | 2422 ||| FLEEEEING.
  2423 | D:3      | 2423 ||| FLEEEEING.
  2424 | D:3      | 2424 ||| FLEEEEING.
  2425 | D:3      | 2425 ||| FLEEEEING.
  2426 | D:3      | 2426 ||| FLEEEEING.
  2427 | D:3      | 2427 ||| FLEEEEING.
  2428 | D:3      | 2428 ||| FLEEEEING.
  2429 | D:3      | 2429 ||| FLEEEEING.
  2431 | D:3      | 2431 ||| FLEEEEING.
  2432 | D:3      | 2432 ||| FLEEEEING.
  2433 | D:3      | 2433 ||| FLEEEEING.
  2434 | D:3      | 2434 ||| FLEEEEING.
  2435 | D:3      | 2435 ||| FLEEEEING.
  2436 | D:3      | 2436 ||| STAIRDANCE
  2614 | D:2      | 2614 ||| DROPPING +6 ring of intelligence.
  2615 | D:2      | 2615 ||| READING scroll labelled IPHEFOTUDD.
  2616 | D:2      | 2616 ||| READING 2 scrolls of identify.
  2616 | D:2      | 2616 ||| IDENTIFYING fuming black potion
  2617 | D:2      | 2617 ||| DROPPING potion of berserk rage.
  2675 | D:3      | 2675 ||| FLEEEEING.
  2676 | D:3      | 2676 ||| FLEEEEING.
  2677 | D:3      | 2677 ||| FLEEEEING.
  2678 | D:3      | 2678 ||| FLEEEEING.
  2679 | D:3      | 2679 ||| FLEEEEING.
  2680 | D:3      | 2680 ||| FLEEEEING.
  2681 | D:3      | 2681 ||| FLEEEEING.
  2682 | D:3      | 2682 ||| FLEEEEING.
  2683 | D:3      | 2683 ||| FLEEEEING.
  2684 | D:3      | 2684 ||| FLEEEEING.
  2685 | D:3      | 2685 ||| FLEEEEING.
  2686 | D:3      | 2686 ||| FLEEEEING.
  2687 | D:3      | 2687 ||| FLEEEEING.
  2688 | D:3      | 2688 ||| FLEEEEING.
  2689 | D:3      | 2689 ||| FLEEEEING.
  2690 | D:3      | 2690 ||| FLEEEEING.
  2691 | D:3      | 2691 ||| FLEEEEING.
  2692 | D:3      | 2692 ||| FLEEEEING.
  2693 | D:3      | 2693 ||| FLEEEEING.
  2694 | D:3      | 2694 ||| FLEEEEING.
  2695 | D:3      | 2695 ||| FLEEEEING.
  2697 | D:3      | 2697 ||| FLEEEEING.
  2699 | D:3      | 2699 ||| FLEEEEING.
  2700 | D:3      | 2700 ||| FLEEEEING.
  2701 | D:3      | 2701 ||| FLEEEEING.
  2702 | D:3      | 2702 ||| FLEEEEING.
  2703 | D:3      | 2703 ||| FLEEEEING.
  2704 | D:3      | 2704 ||| FLEEEEING.
  2705 | D:3      | 2705 ||| FLEEEEING.
  2706 | D:3      | 2706 ||| FLEEEEING.
  2707 | D:3      | 2707 ||| FLEEEEING.
  2708 | D:3      | 2708 ||| FLEEEEING.
  2711 | D:3      | 2711 ||| FLEEEEING.
  2712 | D:3      | 2712 ||| FLEEEEING.
  2713 | D:3      | 2713 ||| FLEEEEING.
  2714 | D:3      | 2714 ||| FLEEEEING.
  2715 | D:3      | 2715 ||| STAIRDANCE
  2819 | D:3      | 2819 ||| STAIRDANCE
  2827 | D:2      | Reached skill level 6 in Shields
  2892 | D:3      | 2892 ||| Stepping ~*~*~tactically~*~*~ (stealth).
  2893 | D:3      | 2893 ||| Stepping ~*~*~tactically~*~*~ (stealth).
  2947 | D:3      | 2947 ||| Stepping ~*~*~tactically~*~*~ (stealth).
  2949 | D:3      | 2949 ||| Stepping ~*~*~tactically~*~*~ (hiding).
  2950 | D:3      | 2950 ||| Stepping ~*~*~tactically~*~*~ (stealth).
  3039 | D:3      | Found a blossoming altar of Fedhas.
  3103 | D:3      | 3103 ||| Stepping ~*~*~tactically~*~*~ (stealth).
  3104 | D:3      | 3104 ||| Stepping ~*~*~tactically~*~*~ (stealth).
  3106 | D:3      | 3106 ||| Stepping ~*~*~tactically~*~*~ (hiding).
  3109 | D:3      | 3109 ||| Stepping ~*~*~tactically~*~*~ (hiding).
  3144 | D:3      | 3144 ||| FLEEEEING.
  3149 | D:3      | 3149 ||| FLEEEEING.
  3152 | D:3      | 3152 ||| FLEEEEING.
  3153 | D:3      | 3153 ||| FLEEEEING.
  3154 | D:3      | 3154 ||| FLEEEEING.
  3155 | D:3      | 3155 ||| FLEEEEING.
  3172 | D:3      | 3172 ||| FLEEEEING.
  3173 | D:3      | 3173 ||| FLEEEEING.
  3174 | D:3      | 3174 ||| FLEEEEING.
  3175 | D:3      | 3175 ||| FLEEEEING.
  3306 | D:3      | Reached skill level 7 in Shields
  3362 | D:3      | 3362 ||| FLEEEEING.
  3363 | D:3      | 3363 ||| FLEEEEING.
  3433 | D:3      | 3433 ||| Stepping ~*~*~tactically~*~*~ (stealth).
  3434 | D:3      | 3434 ||| Stepping ~*~*~tactically~*~*~ (stealth).
  3451 | D:3      | 3451 ||| Stepping ~*~*~tactically~*~*~ (stealth).
  3460 | D:3      | 3460 ||| Stepping ~*~*~tactically~*~*~ (hiding).
  3468 | D:3      | Reached XP level 7. HP: 39/57 MP: 6/6
  3488 | D:3      | HP: 14/57 [kobold brigand/+2 dagger of speed (2)]
  3490 | D:3      | HP: 6/57 [kobold brigand/+2 dagger of speed (5)]
  3493 | D:3      | HP: 2/57 [kobold brigand/+2 dagger of speed (1)]
  3494 | D:3      | Slain by a kobold brigand

Levels and vault maps discovered:
D:1:      dpeg_arrival_shrine, layout_basic, serial_shops,
          nicolae_shop_statue_plus, shapermc_ecumenical_altar_venn,
          grunt_decor_junction
D:2:      layout_loops_ring, basic_altar, minmay_tetromino_t2,
          uniq_crazy_yiuf_cottage
D:3:      lemuel_castle_with_subvaults [lemuel_castle_interior_carwin_2],
          layout_basic, marbit_many_paths, serial_shops, shop

Skill      XL: |  1  2  3  4  5  6 |
---------------+-------------------+-----
Axes           | 3 4 5 |  5.7
Shields        | 4 5 7 |  7.1
Fighting       | |  3.2
Armour         | |  3.2

Action                   |  1- 3 |  4- 6 |  7- 9 || total
-------------------------+-------+-------+-------++-------
Melee: War axe           |    73 |   173 |    17 ||   263
       Headbutt          |     3 |    21 |     2 ||    26
Throw: Boomerang         |       |    18 |     2 ||    20
Invok: Sacrifice Skill   |       |     1 |       ||     1
  Use: Scroll            |     3 |     8 |       ||    11
 Stab: Distracted        |       |     1 |       ||     1
Armor: Scale mail        |    11 |       |       ||    11
       Plate armour      |    14 |   101 |     9 ||   124
Dodge: Dodged            |    27 |    20 |     2 ||    49
Block: Buckler           |    10 |     1 |       ||    11
       Tower shield      |       |   116 |    11 ||   127

Table legend:
 A = Non-vault XP
 B = Vault XP
 C = Vault XP percentage of total XP
 D = Non-vault monster count
 E = Vault monster count
 F = Vault count percentage of total count
                 A         B        C        D         E       F
            +---------+---------+-------+---------+---------+-------
      Total |     195 |     606 |  75.7 |      67 |      52 |  43.7
            +---------+---------+-------+---------+---------+-------
        D:1 |      38 |       0 |   0.0 |      21 |       0 |   0.0
        D:2 |      78 |      70 |  47.3 |      22 |       4 |  15.4
        D:3 |      79 |     536 |  87.2 |      24 |      48 |  66.7
            +---------+---------+-------+---------+---------+-------
